 Dungeon Crawl Stone Soup version 0.23-a0-635-g88ca12a (console) character file.

16 Duffy the Firebug (level 2, 0/19 HPs)
             Began as a Demonspawn Fire Elementalist on Dec 27, 2018.
             Slain by a gnoll
             ... wielding a +0 spear
              (6 damage)
             ... on level 2 of the Dungeon.
             The game lasted 00:00:24 (378 turns).

Duffy the Firebug (Demonspawn Fire Elementalist)     Turns: 378, Time: 00:00:24

Health: 0/19       AC:  2    Str:  8    XL:     2   Next: 41%
Magic:  0/5        EV: 12    Int: 16    God:
Gold:   22         SH:  0    Dex: 13    Spells: 4/5 levels left

rFire    . . .     SeeInvis .   (no weapon)
rCold    . . .     Gourm    .   (no shield)
rNeg     . . .     Faith    .   a - +0 robe
rPois    .         Spirit   .   (helmet restricted)
rElec    .         Reflect  .   d - scarf {cloud immunity}
rCorr    .         Harm     .   (no gloves)
MR       .....                  (no boots)
Stlth    ++........             (no amulet)
HPRegen  0.06/turn              (no ring)
MPRegen  0.09/turn              (no ring)

@: no status effects
A: antennae 1
a: no special abilities


You were on level 2 of the Dungeon.
You were not hungry.

You visited 1 branch of the dungeon, and saw 2 of its levels.

You collected 22 gold pieces.

Inventory:

Armour
 a - a +0 robe (worn)
 d - a scarf of cloud immunity (worn)
Scrolls
 b - a scroll of magic mapping {unknown}
Comestibles
 c - a ration


   Skills:
 - Level 1.7 Dodging
 - Level 1.7 Stealth
 - Level 2.0 Spellcasting
 + Level 2.5 Conjurations
 - Level 2.6 Fire Magic


You had 4 spell levels left.
You knew the following spells:

 Your Spells              Type           Power        Failure   Level  Hunger
h - Flame Tongue          Conj/Fire      #....        7%          1    #......

Your spell library contained the following spells:

 Spells                   Type           Power        Failure   Level  Hunger
 Throw Flame              Conj/Fire      #.....       11%         2    ###....
 Conjure Flame            Conj/Fire      #.......     22%         3    ###....
 Inner Flame              Hex/Fire       #.......     34%         3    ###....
 Sticky Flame             Conj/Fire      #.......     56%         4    #####..
 Fireball                 Conj/Fire      #.........   89%         5    ######.


Dungeon Overview and Level Annotations

Branches:
Dungeon (2/15)

Altars:
Okawaru


Innate Abilities, Weirdness & Mutations

You have a pair of small antennae on your head.


Message History

Found a whip.
The kobold shouts!
The gnoll shouts!
The gnoll hits you from afar with a +0 spear.
Casting: Flame Tongue (safe; 7% risk of failure)
Confirm with . or Enter, or press ? or * to list all spells.
Aiming: Flame Tongue (safe; 7% risk of failure)
Press: ? - help, Shift-Dir - straight line, f - gnoll
Aim: a gnoll, wielding a +0 club The flame tongue hits the gnoll.
The gnoll is lightly wounded.
The gnoll hits you from afar with a +0 spear.
Casting: Flame Tongue (safe; 7% risk of failure)
Confirm with . or Enter, or press ? or * to list all spells.
You don't have enough magic to cast that spell.
Casting: Flame Tongue (safe; 7% risk of failure)
Confirm with . or Enter, or press ? or * to list all spells.
You don't have enough magic to cast that spell.
The gnoll closely misses you. The gnoll hits you with a +0 club.
The gnoll hits you with a +0 spear.
You die...

######### #.......#
#.......# ##.......# #
.........######.###
###'###g.%........# {
##.#......#.#
#.####.#.######.##.#..#
#..........Kgg@.......#
######......###g#.##.##
###........# ..
#.......#.## #.#
#.#........# #
#.###.###.## # ... #...
#.....### #.#.#


You could see 3 gnolls and a kobold.

Vanquished Creatures
  An adder (D:2)
  A worm (D:2)
  A hobgoblin (D:2)
  A kobold (D:2)
  2 rats (D:2)
6 creatures vanquished.

Notes
Turn   | Place    | Note
-------+----------+-------------------------------------------
     0 | D:1      | Duffy the Demonspawn Fire Elementalist began the quest for
                  | the Orb.
     0 | D:1      | Reached XP level 1. HP: 13/13 MP: 3/3
   167 | D:2      | Found an iron altar of Okawaru.
   270 | D:2      | Gained mutation: You have a pair of small antennae on your
                  | head. [demonic ancestry]
   270 | D:2      | Reached XP level 2. HP: 19/19 MP: 1/5
   378 | D:2      | Slain by a gnoll

Vault maps used:
D:1:      lightli_arrival_isolated_outpost
D:2:      okawaru_metal_pillars_1_2, first_ration, nrook_campfire,
          minmay_misc_feat_chi

Skill      XL: |  1 |
---------------+----+-----
Conjurations   | 2 |  2.5
Dodging        | |  1.7
Stealth        | |  1.7
Spellcasting   | |  2.0
Fire Magic     | |  2.6

Action                   || total
-------------------------++-------
Melee: Unarmed           ||     3
 Cast: Flame Tongue      ||    12
Armor: Robe              ||     1
Dodge: Dodged            ||     6

Table legend:
 A = Non-vault XP
 B = Vault XP
 C = Vault XP percentage of total XP
 D = Non-vault monster count
 E = Vault monster count
 F = Vault count percentage of total count
                 A         B        C        D         E       F
            +---------+---------+-------+---------+---------+-------
      Total |      24 |       0 |   0.0 |       6 |       0 |   0.0
            +---------+---------+-------+---------+---------+-------
        D:2 |      24 |       0 |   0.0 |       6 |       0 |   0.0
            +---------+---------+-------+---------+---------+-------
